 Dungeon Crawl Stone Soup version 0.24.0-123-gd5b16e6ec5 (webtiles) character file.

Game seed: 4757545271816199715, levelgen mode: deterministic

1625 Elellon the Cleaver (level 8, 0/71 HPs)
             Began as a Hill Orc Fighter on Jan 11, 2020.
             Slain by a centaur
             ... wielding a cursed -2 shortbow
              (6 damage)
             ... on level 6 of the Dungeon.
             The game lasted 00:09:12 (5740 turns).

Elellon the Cleaver (Hill Orc Fighter)              Turns: 5740, Time: 00:09:13

Health: 0/71       AC: 12    Str: 25    XL:     8   Next: 97%
Magic:  8/8        EV:  6    Int:  8    God:
Gold:   234        SH: 11    Dex: 10    Spells: 7/7 levels left

rFire    . . .     SeeInvis .   a - +1 war axe
rCold    . . .     Gourm    .   c - +1 shield
rNeg     . . .     Faith    .   i - +0 chain mail
rPois    .         Spirit   .   (no helmet)
rElec    .         Reflect  .   k - +1 cloak
rCorr    .         Harm     .   (no gloves)
MR       .....                  (no boots)
Stlth    ..........             (no amulet)
HPRegen  0.21/turn              m - +4 ring of strength
MPRegen  0.11/turn              (no ring)

@: no status effects
A: no striking features
a: no special abilities


You were on level 6 of the Dungeon.
You were not hungry.

You visited 1 branch of the dungeon, and saw 6 of its levels.
You also visited: Sewer.

You collected 234 gold pieces.

Inventory:

Hand Weapons
 a - a +1 war axe (weapon)
Missiles
 n - 26 poisoned darts (quivered)
Armour
 b - a +0 scale mail
 c - a +1 shield (worn)
 i - a +0 chain mail (worn)
 k - a +1 cloak (worn)
Jewellery
 m - a +4 ring of strength (left hand)
 t - an uncursed ring of protection from cold {unknown}
 C - an uncursed ring of see invisible {unknown}
 F - an uncursed amulet of magic regeneration {unknown}
Wands
 o - a wand of flame (10)
 r - a wand of polymorph (3)
Scrolls
 l - 2 scrolls of enchant armour
 p - 2 scrolls of random uselessness {unknown}
 u - a scroll of remove curse
 v - a scroll of enchant weapon
 w - a scroll of immolation {unknown}
 x - a scroll of magic mapping {unknown}
 y - 2 scrolls of blinking {unknown}
 A - a scroll of teleportation {unknown}
 B - 2 scrolls of fear {unknown}
Potions
 d - 2 potions of might
 e - 5 potions of agility
 g - a potion of berserk rage {unknown}
 h - 2 potions of flight {unknown}
 j - 5 potions of heal wounds {unknown}
 q - a potion of curing {unknown}
 s - a potion of haste {unknown}
 z - a potion of brilliance {unknown}
 D - a potion of mutation {unknown}
Comestibles
 f - 8 rations
 E - 3 chunks of flesh


   Skills:
 + Level 6.6 Fighting
 * Level 10.3 Axes
 + Level 5.9 Armour
 + Level 5.9 Shields


You had 7 spell levels left.
You didn't know any spells.
Your spell library contained the following spells:

 Spells                   Type           Power        Failure   Level  Hunger
 Corona                   Hex            #......      100%        1    ##.....
 Ensorcelled Hibernation  Hex/Ice        #.....       100%        2    ###....
 Confuse                  Hex            #.......     100%        3    ####...
 Dazzling Spray           Conj/Hex       #.....       100%        3    ####...
 Tukima's Dance           Hex            #.......     100%        3    ####...


Dungeon Overview and Level Annotations

Branches:
Dungeon (5/15)             Temple (0/1) D:6           Sewer (visited)

Altars:
Ashenzari
Dithmenos
Makhleb
Nemelex Xobeh
Okawaru
Sif Muna
Trog
Yredelemnul

Shops:
D:4 :


Message History

The centaur barely misses you.
Things that are here:
a +0 halberd; a +0 plate armour Your chain mail prevents you from hitting the centaur.
You block the centaur's attack.
You completely miss the centaur.
The centaur hits you but does no damage. x2
You barely miss the centaur.
The centaur hits you with a cursed -2 shortbow.
* * * LOW HITPOINT WARNING * * *
You hit the centaur.
The centaur is lightly wounded.
The centaur hits you with a cursed -2 shortbow.
* * * LOW HITPOINT WARNING * * *
The centaur hits you with a cursed -2 shortbow.
* * * LOW HITPOINT WARNING * * *
You barely miss the centaur.
The centaur is lightly wounded.
The centaur hits you with a cursed -2 shortbow.
You die...

#########.# #.........#
#.#######.# #.# #.# ######
#########.# #.# .....#
#.........# #.# .....#
#.######### #.#
.....###.###############.#
...............(@c{.....>#
.....###.#########{#######
###### #.# ##.####### #.#
#........# #.# #..c.....#
#.# #........# ..#
##.####### .# #.8o# #####
o.o....


You could see a centaur.

Vanquished Creatures
  Sigmund (D:5)
  An orc warrior (D:6)
  A sky beast (D:6)
  Purgy (Sewer)
  An ice beast (D:6)
  2 phantoms
  An ogre (D:5)
  A bullfrog (D:6)
  A scorpion (D:4)
  5 wights (D:6)
  A hound (D:5)
  2 orc priests (D:4)
  2 jellies (D:6)
  2 orc wizards
  A centaur skeleton (D:6)
  A bullfrog skeleton (D:6)
  3 worker ants
  3 gnolls (D:2)
  6 adders
  A river rat (D:4)
  An adder skeleton (D:4)
  5 worms
  3 leopard geckos
  12 orcs
  2 ball pythons
  11 bats
  8 giant cockroaches
  5 goblins
  5 hobgoblins
  11 jackals
  A quokka (D:5)
  6 frilled lizards (Sewer)
  8 kobolds
  A leopard gecko skeleton (D:6)
  4 rats
120 creatures vanquished.

Notes
Turn   | Place    | Note
-------+----------+-------------------------------------------
     0 | D:1      | Elellon the Hill Orc Fighter began the quest for the Orb.
     0 | D:1      | Reached XP level 1. HP: 19/19 MP: 1/1
    69 | D:1      | Reached skill level 3 in Axes
   344 | D:1      | Reached XP level 2. HP: 26/26 MP: 2/2
   363 | D:1      | You fall into a shaft and drop 1 floor!
   509 | D:2      | Found a bloodstained altar of Trog.
   519 | D:2      | Reached skill level 4 in Axes
   625 | D:2      | Reached XP level 3. HP: 15/31 MP: 3/3
   628 | D:2      | Reached skill level 5 in Axes
  1038 | D:2      | Reached XP level 4. HP: 39/39 MP: 4/4
  1080 | D:2      | Found a burning altar of Makhleb.
  1400 | D:2      | Found a basalt altar of Yredelemnul.
  2032 | D:1      | Reached skill level 6 in Axes
  2636 | D:3      | Reached XP level 5. HP: 45/46 MP: 5/5
  3062 | D:4      | Noticed a phantom
  3103 | D:4      | Killed a phantom
  3103 | D:4      | Reached skill level 7 in Axes
  3103 | D:4      | Reached XP level 6. HP: 51/52 MP: 6/6
  3339 | D:4      | Found a shattered altar of Ashenzari.
  3342 | D:4      | Found a sparkling altar of Nemelex Xobeh.
  3344 | D:4      | Found a shadowy altar of Dithmenos.
  3523 | D:4      | Found a glowing drain.
  3527 | Sewer    | Entered a sewer
  3564 | Sewer    | Noticed Purgy
  3573 | Sewer    | Killed Purgy
  3573 | Sewer    | Reached XP level 7. HP: 55/60 MP: 7/7
  3834 | D:4      | Found Jozan's Book Boutique.
  3864 | D:4      | Reached skill level 8 in Axes
  4294 | D:4      | Found a shimmering blue altar of Sif Muna.
  4605 | D:5      | Entered Level 5 of the Dungeon
  4605 | D:5      | Found an iron altar of Okawaru.
  4611 | D:5      | Reached skill level 5 in Fighting
  4820 | D:5      | Noticed Sigmund
  4841 | D:5      | Killed Sigmund
  4841 | D:5      | Reached XP level 8. HP: 57/69 MP: 8/8
  4865 | D:5      | You fall into a shaft and drop 1 floor!
  4929 | D:6      | Reached skill level 5 in Armour
  4943 | D:6      | Reached skill level 5 in Shields
  4972 | D:6      | Reached skill level 9 in Axes
  5251 | D:6      | Reached skill level 10 in Axes
  5709 | D:6      | Found a staircase to the Ecumenical Temple.
  5740 | D:6      | Slain by a centaur

Levels and vault maps discovered:
D:1:      scummos_arrival_simple_fountains, layout_loops_ring, serial_forest,
          infiniplex_forest_lined_1, infiniplex_forest_clump_tiny,
          infiniplex_forest_end_2, infiniplex_forest_lined_3,
          infiniplex_forest_lined_3_way, infiniplex_forest_lined_corner
D:2:      layout_basic, lemuel_crystal_altar, lemuel_coloured_pillars_altar,
          overflow_temple_1_default, kennysheep_generic_room_3
D:3:      layout_loops_ring, first_ration
D:4:      layout_basic, kennysheep_mini, grunt_temple_overflow_open,
          gup_sewer_entry_spiral, serial_shops, nicolae_shop_stone,
          serial_rivers, chequers_serial_rivers_room_a,
          chequers_serial_rivers_micro_c, chequers_serial_rivers_room_b,
          chequers_serial_rivers_small_a
D:5:      layout_loops_ring, dancing_weapons_uskayaw, okawaru_metal_pillars_1_2,
          slow_altar_1, kennysheep_mini_moat, serial_shops, shop, uniq_sigmund
D:6:      layout_basic, minmay_temple_entry_statues_pillars, minmay_between,
          uniq_duvessa

Skill      XL: |  1  2  3  4  5  6  7  8 |
---------------+-------------------------+-----
Axes           | 3 4 5 6 7 8 10 | 10.3
Fighting       | 4 5 6 |  6.6
Armour         | 4 5 |  5.9
Shields        | 4 5 |  5.9

Action                   |  1- 3 |  4- 6 |  7- 9 || total
-------------------------+-------+-------+-------++-------
Melee: Whip              |    45 |       |       ||    45
       War axe           |    38 |   220 |   171 ||   429
Throw: Dart              |       |    28 |    12 ||    40
  Use: Scroll            |     6 |     1 |       ||     7
  Eat: Chunk             |       |     9 |     4 ||    13
       Ration            |       |       |     1 ||     1
Armor: Scale mail        |    50 |     4 |       ||    54
       Chain mail        |       |    95 |    65 ||   160
Dodge: Dodged            |    11 |    54 |    34 ||    99
Block: Shield            |    53 |   122 |    87 ||   262
